 Dungeon Crawl Stone Soup version 0.27-a0-1090-gb115f176c6 (webtiles) character file.

Game seed: 12693544906360213582

7 voltaire321 the Ducker (level 1, 0/16 HPs)
             Began as a Demonspawn Gladiator on Apr 27, 2021.
             Slain by a kobold
             ... wielding a +0 short sword
              (4 damage)
             ... on level 1 of the Dungeon.
             The game lasted 00:01:39 (321 turns).

voltaire321 the Ducker (Demonspawn Gladiator)        Turns: 321, Time: 00:01:40

Health: 0/16       AC:  4    Str: 14    XL:     1   Next: 91%
Magic:  1/1        EV: 12    Int:  9    God:
Gold:   15         SH:  0    Dex: 14    Spells: 0/0 levels left

rFire    . . .     SeeInvis .   a - +0 trident
rCold    . . .     Faith    .   (no shield)
rNeg     . . .     Spirit   .   b - +0 leather armour
rPois    .         Reflect  .   c - +0 helmet
rElec    .         Harm     .   (no cloak)
rCorr    .         Rampage  .   (no gloves)
Will     .....                  (no boots)
Stlth    +.........             (no amulet)
HPRegen  0.05/turn              (no ring)
MPRegen  0.07/turn              (no ring)

@: no status effects
A: no striking features
a: no special abilities


You were on level 1 of the Dungeon.
You visited 1 branch of the dungeon, and saw 1 of its levels.

You collected 15 gold pieces.

Inventory:

Hand Weapons
 a - a +0 trident (weapon)
Missiles
 d - 3 throwing nets (quivered)
Armour
 b - a +0 leather armour (worn)
 c - a +0 helmet (worn)
Scrolls
 e - a scroll of identify {unknown}


   Skills:
 + Level 2.1 Fighting
 + Level 2.8 Polearms
 + Level 2.0 Throwing
 + Level 2.8 Dodging


You couldn't memorise any spells.
You didn't know any spells.
Your spell library was empty.

Dungeon Overview and Level Annotations

Branches:
Dungeon (1/15)

Altars:


Message History

a +0 short sword; a stone; a kobold corpse
Found 13 arrows.
A rat comes into view.
You see here 15 gold pieces.
You reach to attack!
You hit the rat.
The rat is heavily wounded.
You closely miss the rat.
The rat is heavily wounded.
The rat barely misses you.
You hit the rat but do no damage.
The rat is heavily wounded.
The rat barely misses you. x2
You closely miss the rat.
The rat is heavily wounded.
The rat bites you but does no damage.
You hit the rat.
You kill the rat!
Your Throwing skill increases to level 2!
You see here a rat corpse.
You now have 15 gold pieces.
You open the door.
There is an open door here.
You open the door.
There is an open door here.
A kobold comes into view. It is wielding a +0 short sword.
You reach to attack!
You hit the kobold but do no damage. You closely miss the kobold.
The kobold hits you with a +0 short sword.
The kobold closely misses you.
You miss the kobold.
The kobold hits you with a +0 short sword.
You barely miss the kobold.
The kobold hits you with a +0 short sword.
You hit the kobold but do no damage. The kobold misses you.
You barely miss the kobold.
The kobold hits you with a +0 short sword.
* * * LOW HITPOINT WARNING * * *
You hit the kobold but do no damage.
The kobold hits you with a +0 short sword.
You die...

....... #.#...#
#.#...# #
#...###.#...##.##
#...+............
#...#............
#.........K......
#.....#.#@#
#.....#...#
#.....#.###
#.....#'### #.##
#.........# #...
........
#.........# #..#
#........
#.........# #..#
#.##....#
#.........# #..#
#.......#
####..#'### #..#
#..#.#..#


You could see a kobold.

Vanquished Creatures
  A ball python (D:1)
  2 kobolds (D:1)
  2 quokkas (D:1)
  A rat (D:1)
6 creatures vanquished.

Notes
Turn   | Place    | Note
-------+----------+-------------------------------------------
     0 | D:1      | voltaire321 the Demonspawn Gladiator began the quest for
                  | the Orb.
     0 | D:1      | Reached XP level 1. HP: 16/16 MP: 1/1
   321 | D:1      | Slain by a kobold

Illustrated notes

Levels and vault maps discovered:
D:1:      heliophobic_arrival_battle_scene, layout_basic,
          ebering_ecumenical_altar_ruins, chequers_garden

Skill      XL: |  1 |
---------------+----+-----
Throwing       | 2 |  2.0
Fighting       | |  2.1
Polearms       | |  2.8
Dodging        | |  2.8

Action                   || total
-------------------------++-------
Melee: Trident           ||    26
Armor: Leather armour    ||     3
Dodge: Dodged            ||    12

Table legend: (Time is in decaauts)
 A = Elapsed time spent in this place.
 B = Non-inter-level travel time spent in this place.
 C = Inter-level travel time spent in this place.
 D = Time resting spent in this place.
 E = Time spent auto-exploring this place.
 F = Levels seen in this place.
 G = Mean time per level.
                   A        B        C        D        E       F      G
               +--------+--------+--------+--------+--------+-----+--------+
         Total |    325 |    325 |      0 |    173 |     85 |   1 |  325.0 |
       Dungeon |    325 |    325 |      0 |    173 |     85 |   1 |  325.0 |
               +--------+--------+--------+--------+--------+-----+--------+

Top non-repeatable levels by time:
     D:1: 325 daAuts
